 Dungeon Crawl Stone Soup version 0.21.1-1-g345015fe64 (webtiles) character file.

367 Henning the Skirmisher (level 6, -12/56 HPs)
             Began as a Minotaur Fighter on June 19, 2018.
             Mangled by an ogre
             ... wielding a +0 giant spiked club
              (18 damage)
             ... on level 4 of the Dungeon.
             The game lasted 00:08:33 (2899 turns).

Henning the Skirmisher (Minotaur Fighter)           Turns: 2899, Time: 00:08:34

Health: -12/56     AC:  7    Str: 20    XL:     6   Next: 41%
Magic:  5/5        EV:  8    Int:  5    God:
Gold:   101        SH: 10    Dex: 12    Spells: 5/5 levels left

rFire    . . .     SeeInvis .   a - +0 war axe
rCold    . . .     Gourm    .   c - +0 shield
rNeg     . . .     Faith    .   b - +0 scale mail
rPois    +         Spirit   .   (helmet restricted)
rElec    .         Reflect  .   (no cloak)
rCorr    +         Harm     .   (no gloves)
MR       .....                  (no boots)
Stlth    ..........             (no amulet)
HPRegen  0.18/turn              g - ring of resist corrosion
MPRegen  0.09/turn              s - ring of poison resistance

@: lethally poisoned (-12 -> -13)
A: retaliatory headbutt, horns 2
a: no special abilities


You were on level 4 of the Dungeon.
You were not hungry.

You visited 1 branch of the dungeon, and saw 4 of its levels.

You collected 101 gold pieces.

Inventory:

Hand Weapons
 a - a +0 war axe (weapon)
Armour
 b - a +0 scale mail (worn)
 c - a +0 shield (worn)
Jewellery
 g - a ring of resist corrosion (left hand)
 s - a ring of poison resistance (right hand)
Wands
 y - a wand of iceblast (11)
Scrolls
 e - 4 scrolls of identify {unknown}
 l - 2 scrolls of enchant weapon {unknown}
 o - 3 scrolls of immolation {unknown}
 p - a scroll of teleportation {unknown}
 q - a scroll of amnesia {unknown}
 r - a scroll of magic mapping {unknown}
 t - a scroll of fog {unknown}
 u - a scroll of remove curse {unknown}
 v - a scroll of blinking {unknown}
 w - a scroll of enchant armour {unknown}
Potions
 d - 3 potions of might
 h - a potion of magic {unknown}
 i - a potion of degeneration {unknown}
 k - 2 potions of curing {unknown}
 m - a potion of haste {unknown}
 n - a potion of heal wounds {unknown}
 x - a potion of cancellation {unknown}
Comestibles
 f - 8 rations
 j - 8 chunks of flesh


   Skills:
 + Level 5.2 Fighting
 + Level 4.2 Axes
 + Level 5.2 Armour
 + Level 2.1 Dodging
 + Level 5.2 Shields


You had 5 spell levels left.
You didn't know any spells.

Dungeon Overview and Level Annotations

Branches:
Dungeon (4/15)
 Temple: D:4-7

Altars:


Innate Abilities, Weirdness & Mutations

You reflexively headbutt those who attack you in melee.
You have a pair of horns on your head.


Message History

You feel sick.
You feel sick.
You feel sick.
An ogre comes into view. It is wielding a giant spiked club.
You feel sick. You block the ogre's attack.
You completely miss the ogre. Your headbutt misses the ogre.
The ogre hits you with a giant spiked club!!
You are too injured to fight recklessly!
You are too injured to fight recklessly!
You are too injured to fight recklessly!
You hit the ogre. You headbutt the ogre.
The ogre is moderately wounded.
You feel sick.
The ogre hits you with a giant spiked club!!
* * * LOW HITPOINT WARNING * * *
You hit the ogre but do no damage.
The ogre is moderately wounded.
The ogre hits you with a giant spiked club!!
You die...

#..# ##..# ##...#
..##....##
..........#######.
###...............
####............
##...........
#...@.".....
#..##O...... #..##
....### #..# ....#
#..# ....# ..#
.#..# .. ###.# .#


You could see an ogre.

Vanquished Creatures
  2 hounds (D:3)
  An orc priest (D:4)
  An orc wizard (D:4)
  Ijyb (D:3)
  A worker ant (D:3)
  A hound skeleton (D:3)
  Robin (D:2)
  A gnoll (D:3)
  5 adders
  An ooze (D:1)
  A worm (D:2)
  2 leopard geckos
  12 orcs
  4 ball pythons
  2 giant cockroaches
  25 goblins
  5 hobgoblins
  5 jackals
  A quokka (D:4)
  7 bats
  3 frilled lizards
  7 kobolds
  8 rats
97 creatures vanquished.

Notes
Turn   | Place    | Note
-------+----------+-------------------------------------------
     0 | D:1      | Henning the Minotaur Fighter began the quest for the Orb.
     0 | D:1      | Reached XP level 1. HP: 19/19 MP: 0/0
    77 | D:1      | Reached XP level 2. HP: 27/27 MP: 1/1
   466 | D:1      | Reached XP level 3. HP: 31/33 MP: 2/2
   726 | D:2      | Noticed Robin
   741 | D:2      | Killed Robin
  1135 | D:2      | Reached XP level 4. HP: 7/41 MP: 3/3
  2041 | D:3      | Reached XP level 5. HP: 35/47 MP: 4/4
  2064 | D:3      | Reached skill level 1 in Dodging
  2219 | D:3      | Reached skill level 5 in Fighting
  2281 | D:3      | Reached skill level 5 in Armour
  2322 | D:3      | Noticed Ijyb
  2332 | D:3      | Killed Ijyb
  2332 | D:3      | Reached skill level 5 in Shields
  2332 | D:3      | Reached XP level 6. HP: 56/56 MP: 5/5
  2899 | D:4      | Mangled by an ogre

Skill      XL: |  1  2  3  4  5  6 |
---------------+-------------------+-----
Fighting       | 4 5 |  5.2
Armour         | 4 5 |  5.2
Shields        | 4 5 |  5.2
Axes           | 3 4 |  4.2
Dodging        | 1 2 |  2.1

Action                   |  1- 3 |  4- 6 || total
-------------------------+-------+-------++-------
Melee: War axe           |   108 |   117 ||   225
       Headbutt          |    12 |    24 ||    36
  Eat: Chunk             |     1 |     6 ||     7
Armor: Scale mail        |    52 |    60 ||   112
Dodge: Dodged            |    48 |    35 ||    83
Block: Shield            |    69 |    73 ||   142
